 Dungeon Crawl Stone Soup version 0.16-a0-3643-g096a701 (webtiles) character file.

2153 Herrn the Cleaver (level 9, -8/84 HPs)
             Began as a Gargoyle Berserker on Jan 16, 2015.
             Was a High Priest of Trog.
             Splashed by a jelly's acid (9 damage)
             ... on level 7 of the Dungeon.
             The game lasted 00:19:26 (7477 turns).

Herrn the Cleaver (Gargoyle Berserker)              Turns: 7477, Time: 00:19:26

Health: -8/84      AC:  0    Str: 27    XL:     9   Next: 31%
Magic:  9/9        EV: 10    Int:  9    God:    Trog [*****.]
Gold:   420        SH:  0    Dex: 10    Spells: 0 memorised, 8 levels left

rFire  . . .     SeeInvis .     b - +0 war axe
rCold  . . .     Clarity  +     t - +0 chain mail
rNeg   + . .     SustAb   .     (no shield)
rPois  ∞         Gourm    .     G - +0 hat
rElec  +         Spirit   .     (no cloak)
rCorr  .         Warding  .     (no gloves)
rMut   .         Stasis   .     (no boots)
MR     +....                    I - amulet of clarity
Stlth  ..........               x - ring of protection from magic
                                (no ring)

@: berserking, corroded equipment, very quick, somewhat resistant to hostile
enchantments, extremely unstealthy
A: negative energy resistance 1, electricity resistance, unbreathing,
petrification resistance, rot immunity, AC +5
a: Burn Spellbooks, Berserk, Trog's Hand, Brothers in Arms, Renounce Religion


You were on level 7 of the Dungeon.
You worshipped Trog.
Trog was extremely pleased with you.
You were hungry.

You visited 1 branch of the dungeon, and saw 7 of its levels.

You collected 420 gold pieces.

Inventory:

Hand weapons
 b - a +0 war axe (weapon)
 o - a +0 dire flail of protection
Armour
 t - a +0 chain mail (worn)
 G - a +0 hat (worn)
Jewellery
 x - a ring of protection from magic (right hand)
 I - an amulet of clarity (around neck)
Magical devices
 u - a wand of frost (19)
 y - a wand of paralysis (9)
 z - a wand of flame (29)
 D - a wand of flame (31)
 E - a wand of flame (14)
Scrolls
 d - a scroll of blinking {unknown}
 e - 5 scrolls of identify
 k - 4 scrolls of teleportation
 m - 4 scrolls of fear {unknown}
 p - 6 scrolls of remove curse
 v - a scroll of magic mapping {unknown}
 A - 2 scrolls of enchant weapon {unknown}
 B - a scroll of random uselessness {unknown}
 K - 2 scrolls of noise {unknown}
Potions
 f - 2 potions of restore abilities
 h - 2 potions of poison {unknown}
 i - a potion of curing {unknown}
 l - a potion of ambrosia {unknown}
 n - 2 potions of might {unknown}
 s - a potion of cancellation {unknown}
 w - a potion of haste {unknown}
 F - a potion of flight {unknown}
 H - a potion of degeneration {unknown}
Books
 a - a book of Minor Magic

   Spells                             Type                      Level
   a - Magic Dart                     Conjuration                  1
   b - Blink                          Translocation                2
   c - Call Imp                       Summoning                    2
   d - Repel Missiles                 Charms/Air                   2
   e - Slow                           Hexes                        2
   f - Conjure Flame                  Conjuration/Fire             3
   g - Mephitic Cloud                 Conjuration/Poison/Air       3
   Trog disapproves of the use of such an item.
Comestibles
 c - 5 bread rations
 g - 2 slices of pizza
 j - a royal jelly
 q - 3 meat rations
 r - 5 beef jerkies
 C - 5 fruits
 J - 2 chunks of flesh


   Skills:
 + Level 6.8 Fighting
 * Level 9.0 Axes
 - Level 2.1 Armour
 + Level 4.5 Dodging


You had 8 spell levels left.
You didn't know any spells.

Dungeon Overview and Level Annotations

Branches:
Dungeon (7/15)
 Temple: D:4-7

Altars:
Makhleb
Qazlal

Shops:
D:6 *   D:7 !


Innate Abilities, Weirdness & Mutations

You are resistant to torment.
You are immune to poison.
Your stone body is very resilient (AC +5).
You resist negative energy.
You are resistant to electric shocks.
You can survive without breathing.
You are immune to petrification.
You are immune to rotting.


Message History

* * * LOW HITPOINT WARNING * * *
You are splashed with acid!
The acid burns!
* * * LOW HITPOINT WARNING * * *
Use which ability? (? or * to list)
A red film seems to cover your vision as you go berserk!
You feel yourself moving faster!
You feel mighty!
You are feeling hungry.
The jelly hits you.
* * * LOW HITPOINT WARNING * * *
You are splashed with acid!
The acid burns!
* * * LOW HITPOINT WARNING * * *
You hit the jelly. The acid corrodes your equipment!
The jelly is heavily wounded.
Unknown command.
You slash the jelly!
The jelly is almost dead.
The jelly hits you.
* * * LOW HITPOINT WARNING * * *
You are splashed with acid!
The acid burns!
You die...

######(##### #
#########.??........
##.####.......P.@########.
.........#######J#
#...###..# #.# .# #.##..#
#.# # #..∩.######..P #
#...........#. ##
##....######> .#
.###.###.# ## ## #...##
#.#


You could see 2 active ballistomycetes and a jelly.

Vanquished Creatures
  A hungry ghost (D:7)
  Menkaure (D:5)
  A sky beast (D:5)
  A necrophage (D:7)
  A centaur (D:6)
  An ogre (D:6)
  Blork the orc (D:6)
  A gnoll sergeant (D:5)
  A goliath beetle (D:6)
  A crimson imp (D:5)
  A jelly (D:6)
  3 gnoll shamans (D:5)
  2 orc priests
  An iguana (D:5)
  6 orc wizards
  5 worker ants
  Natasha (twice) (D:6)
  3 hounds
  Ijyb (D:6)
  A hound zombie (D:7)
  A hound skeleton (D:5)
  48 gnolls
  2 shadow imps (D:5)
  6 adders
  2 worms
  A giant mite (D:1)
  An adder skeleton (D:5)
  10 giant geckos
  3 oozes
  21 orcs
  5 giant cockroaches
  10 goblins
  16 hobgoblins
  28 jackals
  8 kobolds
  3 quokkas (D:5)
  15 bats
  A giant cockroach zombie (D:5)
  A giant gecko skeleton (D:6)
  6 giant newts
  15 rats
  A ballistomycete (D:7)
239 creatures vanquished.

Vanquished Creatures (others)
  A jelly (D:7)
  A giant spore (D:7)
2 creatures vanquished.

Grand Total: 241 creatures vanquished

Notes
Turn   | Place    | Note
--------------------------------------------------------------
     0 | D:1      | Herrn, the Gargoyle Berserker, began the quest for the Orb.
     0 | D:1      | Reached XP level 1. HP: 14/14 MP: 1/1
   219 | D:1      | Reached XP level 2. HP: 17/19 MP: 2/2
   772 | D:1      | Reached XP level 3. HP: 15/24 MP: 3/3
   889 | D:1      | Acquired Trog's second power
  1446 | D:2      | Found a stormy altar of Qazlal.
  1449 | D:2      | Noticed an earth elemental
  1450 | D:2      | Noticed an air elemental
  1450 | D:2      | Noticed a water elemental
  1450 | D:2      | Noticed a fire elemental
  1686 | D:2      | Reached XP level 4. HP: 24/29 MP: 4/4
  1888 | D:3      | Reached skill level 4 in Fighting
  2312 | D:3      | Reached XP level 5. HP: 11/33 MP: 5/5
  3310 | D:4      | Reached XP level 6. HP: 37/39 MP: 6/6
  3494 | D:4      | Acquired Trog's third power
  3903 | D:5      | Entered Level 5 of the Dungeon
  3903 | D:5      | Noticed Menkaure
  3913 | D:5      | Killed Menkaure
  3913 | D:5      | Reached skill level 5 in Axes
  3913 | D:5      | Reached XP level 7. HP: 44/44 MP: 7/7
  4030 | D:5      | Reached skill level 5 in Fighting
  4549 | D:5      | Reached skill level 6 in Axes
  4788 | D:5      | Reached XP level 8. HP: 50/50 MP: 8/8
  4861 | D:5      | Received a gift from Trog
  5283 | D:5      | Reached skill level 7 in Axes
  5365 | D:5      | Noticed a centaur warrior
  6268 | D:6      | Noticed Ijyb
  6284 | D:6      | Killed Ijyb
  6314 | D:6      | Reached skill level 8 in Axes
  6343 | D:6      | Noticed Blork the orc
  6354 | D:6      | Killed Blork the orc
  6393 | D:6      | Noticed Natasha
  6401 | D:6      | Killed Natasha
  6516 | D:6      | Found Rusocuuxt's General Store.
  6588 | D:6      | Reached XP level 9. HP: 56/56 MP: 9/9
  6660 | D:6      | Noticed Natasha
  6667 | D:6      | Killed Natasha
  7209 | D:6      | Found a burning altar of Makhleb.
  7209 | D:6      | Noticed a blizzard demon
  7376 | D:7      | Reached skill level 9 in Axes
  7441 | D:7      | Found Emua's Distillery.
  7475 | D:7      | HP: 2/84 [acid (8)]
  7477 | D:7      | Splashed by a jelly's acid

Action                   |  1- 3 |  4- 6 |  7- 9 || total
-------------------------+-------+-------+-------++-------
Melee: Hand axe          |   135 |   127 |       ||   262
       War axe           |       |    68 |   493 ||   561
Invok: Berserk           |     1 |     4 |     5 ||    10
  Use: Scroll            |       |       |     3 ||     3
 Stab: Sleeping          |     1 |       |       ||     1
       Confused          |       |       |     2 ||     2
  Eat: Chunk             |     3 |    10 |    17 ||    30
       Fruit             |       |     1 |       ||     1
